 Dungeon Crawl Stone Soup version 0.29-a0-319-gad05b8d819 (webtiles) character file.

Game seed: 1445699986608821512

207 tilp the Chopper (level 5, -2/50 HPs)
             Began as a Mayflytaur Berserker on Apr 1, 2022.
             Was a Follower of Trog.
             Slain by a sky beast (4 damage)
             ... on level 5 of the Dungeon on Apr 2, 2022.
             The game lasted 00:04:27 (510 turns).

tilp the Chopper (Mayflytaur Berserker)              Turns: 510, Time: 00:04:27

Health: -2/50      AC:  5    Str: 20    XL:     5   Next: 85%
Magic:  6/6        EV: 11    Int:  9    God:    Trog [*.....]
Gold:   108        SH:  0    Dex: 13    Spells: 4/4 levels left

rFire   . . .      SeeInvis .   a - +1 war axe
rCold   . . .      Faith    .   (no shield)
rNeg    . . .      Spirit   .   f - +0 ring mail
rPois   .          Reflect  .   (no helmet)
rElec   .          Harm     .   (no cloak)
rCorr   .          Rampage  .   (no gloves)
Will    .....                   (no boots)
Stlth   +.........              (no amulet)
HPRegen 0.16/turn               (no ring)
MPRegen 0.10/turn               (no ring)

@: on berserk cooldown, flying
A: damage resistance, big wings, sense surroundings 1, short lifespan
a: Renounce Religion, Berserk


You were on level 5 of the Dungeon.
You worshipped Trog.
Trog was aware of your devotion.
You visited 1 branch of the dungeon, and saw 6 of its levels.

You collected 108 gold pieces.

Inventory:

Hand Weapons
 a - a +1 war axe (weapon)
 b - a +0 hand axe
Missiles
 c - 13 poisoned darts (quivered)
Armour
 e - a +0 animal skin
 f - a +0 ring mail (worn)
Potions
 h - a potion of curing
 k - a potion of might {unknown}


   Skills:
 + Level 4.1 Fighting
 * Level 6.1 Axes
 + Level 2.5 Armour
 + Level 2.4 Dodging
 + Level 0.9 Stealth


You had 4 spell levels left.
You didn't know any spells.
Your spell library was empty.

Dungeon Overview and Level Annotations

Branches:
Dungeon (6/15)
 Temple: D:4-7

Altars:
Qazlal


Innate Abilities, Weirdness & Mutations

You are resistant to damage.
Your large and strong wings let you fly.
You passively map a small area around you.
You are easily found by Zot.


Message History

The sky beast attacks as you move away! The sky beast hits you.
* * * LOW HITPOINT WARNING * * *
The sky beast shocks you.
* * * LOW HITPOINT WARNING * * *
The sky beast hits you.
* * * LOW HITPOINT WARNING * * *
The sky beast shocks you.
* * * LOW HITPOINT WARNING * * *
It was a potion of curing.
You feel better. The sky beast hits you. The sky beast shocks you.
* * * LOW HITPOINT WARNING * * *
Unknown command.
You feel better. The sky beast closely misses you. The sky beast hits you.
* * * LOW HITPOINT WARNING * * *
The sky beast shocks you.
* * * LOW HITPOINT WARNING * * *
Unknown command.
You aren't carrying any scrolls.
The sky beast attacks as you move away! The sky beast barely misses you.
The sky beast hits you.
* * * LOW HITPOINT WARNING * * *
The sky beast shocks you.
* * * LOW HITPOINT WARNING * * *
It was a potion of cancellation.
Your magical effects are unravelling.
You feel magically purged.
You feel yourself speed up.
You are no longer corroded.
The sky beast hits you but does no damage.
It was a potion of berserk rage.
You're still recovering from your berserk rage.
The sky beast hits you but does no damage.
You slash the sky beast!
The sky beast is moderately wounded.
The sky beast hits you but does no damage. x2
You hit the sky beast.
The sky beast is heavily wounded.
The sky beast hits you.
* * * LOW HITPOINT WARNING * * *
The sky beast shocks you.
You die...

#.######.####.### *
#...(.........# *,
######....##### ** #....#
#....# * ** , #....# * , 8,
#....# * ** *
#....############ *, ,
#....'.....@Y...# *
######....##########.# ,
#....#....# #.# * *
#....###############.# *
#....# #.....(..##.# *
#....# #........##.#
#....#####........##.####.#
*
.....+...........†........#
#....#####........##.######


You could see a sky beast.

Vanquished Creatures
  An ogre (D:3)
  A necrophage (D:5)
  A jelly (D:5)
  An adder (D:5)
  6 orcs (D:3)
  An endoplasm (D:3)
  3 giant cockroaches
  A kobold (D:3)
  A quokka (D:2)
  2 bats (D:3)
  2 frilled lizards (D:3)
  2 rats
22 creatures vanquished.

Notes
Turn   | Place    | Note
-------+----------+-------------------------------------------
     0 | D:1      | tilp the Mayflytaur Berserker began the quest for the Orb.
     0 | D:1      | Reached XP level 1. HP: 21/21 MP: 2/2
   104 | D:3      | Noticed an ogre
   113 | D:3      | Killed an ogre
   114 | D:3      | Reached skill level 5 in Axes
   114 | D:3      | Reached XP level 2. HP: 30/30 MP: 3/3
   114 | D:3      | Reached XP level 3. HP: 36/36 MP: 4/4
   114 | D:3      | Reached XP level 4. HP: 44/44 MP: 5/5
   241 | D:3      | Found a stormy altar of Qazlal.
   365 | D:5      | Entered Level 5 of the Dungeon
   441 | D:5      | Reached XP level 5. HP: 50/50 MP: 6/6
   482 | D:5      | Reached skill level 6 in Axes
   483 | D:5      | Noticed a sky beast
   502 | D:5      | HP: 1/50 [sky beast (4)]
   510 | D:5      | HP: 2/50 [sky beast (1)]
   510 | D:5      | Slain by a sky beast

Illustrated notes

Levels and vault maps discovered:
D:1:      wheals_arrival_shading, layout_loops_ring, serial_bayou_lagoon_b
D:2:      layout_basic, basic_altar, serial_shops, shop, st_stairs_9,
          nicolae_elevator_lobby_plus
D:3:      layout_rooms, mainiacjoe_overflow_tiny_flanked
D:4:      layout_layer_cave
D:5:      layout_basic, nicolae_ashenzari_skybound, biasface_ghost_orc_armoury,
          uniq_eustachio
D:6:      layout_loops_ring, mainiacjoe_overflow_small_starburst,
          minmay_temple_entry_glass, serial_rivers,
          chequers_serial_rivers_room_a, chequers_serial_rivers_room_b,
          chequers_serial_rivers_micro_e, chequers_serial_rivers_micro_a,
          chequers_serial_rivers_large_a, chequers_serial_rivers_room_a,
          uniq_grinder

Skill      XL: |  1  2  3  4  5 |
---------------+----------------+-----
Fighting       | 4 |  4.1
Axes           | 5 6 |  6.1
Armour         | |  2.5
Dodging        | |  2.4
Stealth        | |  0.9

Action                   |  1- 3 |  4- 6 || total
-------------------------+-------+-------++-------
Melee: Hand axe          |    10 |    27 ||    37
       War axe           |       |    18 ||    18
       Punch             |       |     1 ||     1
Invok: Berserk           |     1 |     2 ||     3
  Use: Scroll            |       |     4 ||     4
       Potion            |       |     4 ||     4
Armor: Ring mail         |       |     8 ||     8
       Animal skin       |       |     2 ||     2
Dodge: Dodged            |     6 |    22 ||    28

Table legend: (Time is in decaauts)
 A = Elapsed time spent in this place.
 B = Non-inter-level travel time spent in this place.
 C = Inter-level travel time spent in this place.
 D = Time resting spent in this place.
 E = Time spent auto-exploring this place.
 F = Levels seen in this place.
 G = Mean time per level.
                   A        B        C        D        E       F      G
               +--------+--------+--------+--------+--------+-----+--------+
         Total |    536 |    528 |      8 |     32 |      0 |   6 |   89.3 |
       Dungeon |    536 |    528 |      8 |     32 |      0 |   6 |   89.3 |
               +--------+--------+--------+--------+--------+-----+--------+

Top non-repeatable levels by time:
     D:3: 182 daAuts
     D:5: 154 daAuts
     D:4: 73 daAuts
     D:1: 72 daAuts
     D:2: 46 daAuts
     D:6: 6 daAuts
